 Dungeon Crawl Stone Soup version 0.18-a0-1797-gc18daef (webtiles) character file.

16090 M4edhros the Covert (level 12, -24/109 HPs)
             Began as an Octopode Artificer on Apr 23, 2016.
             Was a Priest of Fedhas.
             Annihilated by Rupert
             ... wielding a +0 vampiric great sword
              (33 damage)
             ... on level 13 of the Dungeon.
             The game lasted 00:32:31 (11909 turns).

M4edhros the Covert (Octopode Artificer)           Turns: 11909, Time: 00:32:31

Health: -24/109    AC:  5    Str: 15      XL:     12   Next: 33%
Magic:  20/20      EV: 10    Int: 13      God:    Fedhas [***...]
Gold:   481        SH: 10    Dex:  9 (21) Spells: 0 memorised, 11 levels left

rFire  . . .     SeeInvis .     a - +5 short sword
rCold  + . .     Gourm    .     W - +0 large shield of Ducomyom {rPois MR+ Int-3} (curse)
rNeg   + . .     Faith    .     w - +2 hat {Int+3}
rPois  +         Spirit   .     G - amulet "Daoseaj" {Harm *Drain MR+ Dex+4}
rElec  .         Dismiss  .     l - ring of positive energy
rCorr  .         Reflect  .     h - ring of flight
SustAt .         Harm     +     I - +2 ring of protection
MR     ++...                    K - ring of poison resistance
Stlth  +++++++...               (no ring)
                                (no ring)
                                (no ring)
                                (no ring)

@: mighty, very resistant to hostile enchantments, extremely stealthy
A: almost no armour, amphibious, 8 rings, constrict 8, camouflage 1, cold
resistance 1, deterioration 1, dopey 1, regeneration 1, robust 3, wild magic 1,
gelatinous body 1
a: Evolution, Sunlight, Growth, Renounce Religion, Evoke Flight


You were on level 13 of the Dungeon.
You worshipped Fedhas.
Fedhas was most pleased with you.
You were not hungry.

You visited 2 branches of the dungeon, and saw 14 of its levels.
You also visited: Labyrinth.

You collected 751 gold pieces.
You spent 270 gold pieces at shops.

Inventory:

Hand Weapons
 a - a +5 short sword (weapon)
 f - a +0 blowgun
 C - a +2 short sword of venom
Missiles
 e - 427 stones (quivered)
 g - 29 sling bullets
 Q - 6 curare-tipped needles
Armour
 w - a +2 hat of intelligence (worn)
 W - the cursed +0 large shield of Ducomyom (worn) {rPois MR+ Int-3}
   (You found it in a labyrinth)

   It affects your intelligence (-3).
   It protects you from poison.
   It affects your resistance to hostile enchantments.
   It has a curse placed upon it.
Jewellery
 h - a ring of flight (right tentacle)
 l - a ring of positive energy (left tentacle)
 G - the amulet "Daoseaj" (around mantle) {Harm *Drain MR+ Dex+4}
   (You found it on level 8 of the Dungeon)

   [amulet of harm]

   It increases damage dealt and taken.
   It affects your dexterity (+4).
   It affects your resistance to hostile enchantments.
 H - an uncursed amulet of the gourmand {unknown}
 I - a +2 ring of protection (on tentacle)
 K - a ring of poison resistance (on tentacle)
 R - the amulet "Kiloc" {Gourm rF+ Str+4 Dex+2}
   (You found it in a labyrinth)

   [amulet of the gourmand]

   It allows you to eat raw meat even when not hungry.
   It affects your strength (+4).
   It affects your dexterity (+2).
   It protects you from fire.
Wands
 c - a wand of enslavement (10/24)
 t - a wand of slowing (4/48)
 u - a wand of digging (10/24)
 E - a wand of enslavement (20/24)
 S - a wand of lightning (7/15)
 U - a wand of lightning (12/15)
 V - a wand of random effects (23/48)
Scrolls
 i - 2 scrolls of enchant weapon
 j - a scroll of magic mapping
 k - 3 scrolls of remove curse
 m - a scroll of immolation
 r - a scroll of fear
 s - 4 scrolls of enchant armour
 v - 4 scrolls of random uselessness
 L - a scroll of blinking {unknown}
 N - 2 scrolls of teleportation {unknown}
Potions
 b - a potion of agility
 n - 2 potions of degeneration
 o - 3 potions of ambrosia
 p - 2 potions of might
 q - a potion of magic
 x - 5 potions of heal wounds
 A - a potion of resistance
 B - 3 potions of brilliance
 M - a potion of cure mutation
 O - 2 potions of curing
Books
 d - a book of Envenomations

   Spells                             Type                      Level
   a - Spider Form                    Transmutation/Poison         3
   b - Olgreb's Toxic Radiance        Poison                       4
   c - Alistair's Intoxication        Transmutation/Poison         5
   d - Poisonous Cloud                Conjuration/Poison/Air       6
Miscellaneous
 X - an ornate deck of changes
Comestibles
 z - 5 bread rations
 F - 3 meat rations
 J - a beef jerky
 P - 2 fruits


   Skills:
 - Level 8.5 Fighting
 - Level 8.2 Short Blades
 - Level 8.8 Dodging
 - Level 13.0 Stealth
 * Level 0.0 Shields
 - Level 10.7 Invocations
 - Level 3.2 Evocations


You had 11 spell levels left.
You didn't know any spells.

Dungeon Overview and Level Annotations

Branches:
Dungeon (13/15)            Temple (1/1) D:6            Lair (0/8) D:9
    Orc (0/2) D:12
 Vaults: D:13-14

Altars:
Ashenzari
Cheibriados
Dithmenos
Elyvilon
Fedhas
Gozag
Kikubaaqudgha
Makhleb
Nemelex Xobeh
Okawaru
Pakellas
Qazlal
Ru
Sif Muna
Trog
Vehumet
Xom
Yredelemnul
Zin
The Shining One

Shops:
D:4 !   D:7 !

Annotations:
D:8 exclusion: obsidian statue
D:13 Rupert


Innate Abilities, Weirdness & Mutations

You cannot wear most types of armour.
You are amphibious.
You can wear up to eight rings at the same time.
You can use your tentacles to constrict eight enemies at once.
Your skin changes colour to match your surroundings (Stealth).
Your rubbery body absorbs attacks (AC +1).
Your flesh is cold resistant.
Your body sometimes deteriorates upon taking damage.
You are dopey. (Int -2)
Your natural rate of healing is unusually fast.
You are extremely robust (+30% HP).
Your spells are a little harder to cast, but a little more powerful.


Message History

Drink which item? (? for menu, Esc to quit)
You feel very mighty all of a sudden.
Rupert roars madly and goes into a rage!
Rupert goes berserk!
Read which item? (? for menu, Esc to quit)
As you read the scroll labeled ALUODO PEINOWU, it crumbles to dust.
Your body is wracked with pain!
Your body deteriorates!
You feel clumsy.
Rupert convulses!
It was a scroll of torment.
Rupert hits you with a vampiric great sword!
Drink which item? (? for menu, Esc to quit)
You feel much better.
Rupert hits you with a vampiric great sword!!!
* * * LOW HITPOINT WARNING * * *
Read which item? (? for menu, Esc to quit)
As you read the scroll of fear, it crumbles to dust.
You assume a fearsome visage.
Rupert hits you with a vampiric great sword!!
You die...
Fedhas appreciates your contribution to the ecosystem.

######### ****,,,,,** *
#.......# *,,..,,*,,*****
#.......# *,,.,,*,*,,,,**
#.......# *,.##*******,,,
#.......# *...#,,_,,*,,,,
#.......##########..#,,,,,,,*,,*
#######............####*******,*
#................,,,,,,,,,
#........@@......,,,,,*,,,
#................,,,,,*,,,
#................,,,,,****
##................******,**
#.....############*,,,,,,*,
#.....# *,,,,,,,,,,,,,,*,
#.....# *,,,,,,,,,,,,,,+,
#.....# *,,,,,,,,,,,,,,*,
****#.....######**+*****,,,****


You could see Rupert (berserk).

Vanquished Creatures
  Gastronok (D:9)
  A minotaur (Lab)
  Urug (D:10)
  Sonja (D:10)
  2 ugly things
  A deep elf mage (D:12)
  4 cyclopes
  Maurice (D:9)
  A two-headed ogre (D:11)
  A spriggan (D:7)
  6 yaks
  6 hungry ghosts
  Grum (D:8)
  Menkaure (D:6)
  A mottled dragon (D:11)
  A soldier ant (D:12)
  A water moccasin (D:11)
  A porcupine (D:9)
  2 orc priests
  2 ice beasts
  2 phantoms
  2 sky beasts
  8 ogres
  2 centaurs
  A wolf (D:8)
  A crocodile (D:12)
  An earth elemental (Lab)
  9 giant frogs
  A water moccasin skeleton (D:5)
  2 scorpions
  5 killer bees
  11 wights
  7 howler monkeys
  8 crimson imps
  A quasit (D:7)
  A jelly (D:10)
  4 centaur skeletons
  2 giant frog skeletons
  4 orc wizards
  4 hounds
  An iguana (D:4)
  6 worker ants
  4 sheep (D:12)
  The ghost of M4edhros the Grave Robber, a weakling OpNe (D:3)
  3 hound skeletons
  2 howler monkey skeletons
  A worker ant zombie (D:6)
  5 gnolls
  8 adders
  4 shadow imps
  An ooze (D:3)
  An adder zombie (D:10)
  3 worms (D:2)
  4 dart slugs
  4 giant geckos
  28 orcs
  A ball python (D:1)
  5 giant cockroaches
  11 goblins
  6 hobgoblins
  10 jackals
  7 kobolds
  3 quokkas
  9 bats
  4 giant newts
  A quokka skeleton (D:4)
  2 rats (D:1)
247 creatures vanquished.

Vanquished Creatures (collateral kills)
  A cyclops (D:11)
  A manticore (D:13)
  2 slime creatures (D:12)
  Psyche (D:8)
  A two-headed ogre (D:9)
  4 yaks (D:9)
  A hippogriff (D:8)
  A hungry ghost (D:7)
  2 steam dragons
  An ice beast (D:8)
  2 orc warriors
  A wolf (D:8)
  2 centaurs
  An eye of draining (D:12)
  An ogre (D:7)
  A wyvern skeleton (D:9)
  A jelly (D:5)
  3 killer bees (D:11)
  2 wights (D:9)
  2 howler monkeys
  A hound (D:8)
  A quasit (D:8)
  An iguana (D:8)
  A worker ant (D:8)
  2 sheep (D:11)
  A hound skeleton (D:8)
  An adder (D:12)
  5 gnolls
  8 orcs
  A rat (D:3)
53 creatures vanquished.

Vanquished Creatures (others)
  14 wandering mushrooms
  A necrophage (D:12)
  A quasit (D:13)
  A killer bee zombie (D:7)
  A worker ant zombie (D:11)
  175 toadstools
193 creatures vanquished.

Grand Total: 493 creatures vanquished

Notes
Turn   | Place    | Note
--------------------------------------------------------------
     0 | D:1      | M4edhros the Octopode Artificer began the quest for the Orb.
     0 | D:1      | Reached XP level 1. HP: 13/13 MP: 3/3
    34 | D:1      | Reached skill level 2 in Stealth
    42 | D:1      | Reached XP level 2. HP: 16/18 MP: 4/4
   154 | D:1      | Reached skill level 3 in Stealth
   465 | D:1      | Reached skill level 4 in Stealth
   618 | D:1      | Reached XP level 3. HP: 23/23 MP: 5/5
  1113 | D:3      | Noticed M4edhros's ghost (weakling OpNe)
  1123 | D:3      | Killed M4edhros's ghost
  1123 | D:3      | Reached skill level 5 in Stealth
  1123 | D:3      | Reached XP level 4. HP: 7/28 MP: 6/6
  1144 | D:3      | You fall through a shaft for 3 floors!
  1362 | D:6      | Noticed an ogre
  1372 | D:6      | Killed an ogre
  1372 | D:6      | Reached skill level 7 in Stealth
  1372 | D:6      | Reached XP level 5. HP: 13/33 MP: 7/7
  2097 | D:6      | Reached skill level 8 in Stealth
  2097 | D:6      | Reached XP level 6. HP: 24/38 MP: 8/8
  2247 | D:6      | Noticed Menkaure
  2251 | D:6      | Found a staircase to the Ecumenical Temple.
  2257 | D:6      | Killed Menkaure
  2257 | D:6      | Reached skill level 9 in Stealth
  2264 | Temple   | Entered the Ecumenical Temple
  2359 | Temple   | Became a worshipper of Fedhas Madash
  2419 | D:5      | Entered Level 5 of the Dungeon
  2432 | D:5      | Noticed a sky beast
  2448 | D:5      | Killed a sky beast
  2448 | D:5      | Reached skill level 10 in Stealth
  2448 | D:5      | Reached XP level 7. HP: 43/43 MP: 9/9
  2854 | D:3      | Found a burning altar of Makhleb.
  2855 | D:3      | Found an oddly glowing altar of Pakellas.
  2982 | D:3      | Reached skill level 11 in Stealth
  3005 | D:3      | Reached * piety under Fedhas
  3683 | D:4      | Reached skill level 1 in Invocations
  4080 | D:4      | Reached XP level 8. HP: 36/48 MP: 10/10
  4371 | D:4      | Found Ciguv's Distillery.
  4382 | D:4      | Bought a potion of agility for 56 gold pieces
  4382 | D:4      | Bought a potion of curing for 42 gold pieces
  4382 | D:4      | Bought a potion of mutation for 35 gold pieces
  4382 | D:4      | Gained mutation: Your spells are a little harder to cast, but a little more powerful. [potion of mutation]
  4382 | D:4      | Gained mutation: You are robust (+10% HP). [potion of mutation]
  4382 | D:4      | Gained mutation: You are weak. (Str -2) [potion of mutation]
  4383 | D:4      | Gained mutation: Your body sometimes deteriorates upon taking damage. [potion of mutation]
  4383 | D:4      | Gained mutation: Your magical capacity is low (-10% MP). [potion of mutation]
  4383 | D:4      | Gained mutation: You are very robust (+20% HP). [potion of mutation]
  4384 | D:4      | Gained mutation: You passively map a small area around you. [potion of mutation]
  4384 | D:4      | Gained mutation: Your flesh is cold resistant. [potion of mutation]
  4384 | D:4      | Gained mutation: Your natural rate of healing is unusually fast. [potion of mutation]
  4791 | D:5      | Reached skill level 5 in Invocations
  5281 | D:7      | Found Zikh's Distillery.
  5331 | D:7      | Bought a potion of heal wounds for 55 gold pieces
  5331 | D:7      | Bought a potion of mutation for 27 gold pieces
  5331 | D:7      | Bought a potion of heal wounds for 55 gold pieces
  5331 | D:7      | Lost mutation: You passively map a small area around you. [potion of mutation]
  5331 | D:7      | Lost mutation: Your magical capacity is low (-10% MP). [potion of mutation]
  5421 | D:7      | Reached XP level 9. HP: 55/63 MP: 13/15
  5821 | D:8      | Noticed Psyche
  5829 | D:8      | Reached ** piety under Fedhas
  5879 | D:8      | Killed Psyche
  5941 | D:8      | Noticed Grum
  5976 | D:8      | Killed Grum
  5976 | D:8      | Reached skill level 12 in Stealth
  5976 | D:8      | Reached skill level 10 in Invocations
  6203 | D:8      | Got a scintillating bone amulet
  6225 | D:8      | Identified the amulet "Daoseaj" {Harm *Drain MR+ Dex+4} (You found it on level 8 of the Dungeon)
  6236 | D:8      | Lost mutation: You are weak. (Str -2) [potion of mutation]
  6236 | D:8      | Gained mutation: You are partially covered in large bone plates (AC +2, SH +2). [potion of mutation]
  6268 | D:8      | Noticed an obsidian statue
  6528 | D:8      | Noticed a rust devil
  6531 | D:8      | Noticed an orange demon
  6533 | D:8      | Noticed a soul eater
  6611 | D:9      | Noticed Maurice
  6628 | D:9      | Killed Maurice
  6693 | D:9      | Reached skill level 13 in Stealth
  6693 | D:9      | Reached XP level 10. HP: 36/69 MP: 16/18
  7428 | D:9      | Noticed Gastronok
  7458 | D:9      | Killed Gastronok
  7458 | D:9      | Reached skill level 5 in Dodging
  7573 | D:9      | Found a staircase to the Lair.
  7613 | D:9      | Reached skill level 5 in Fighting
  7653 | D:9      | Reached XP level 11. HP: 44/85 MP: 19/19
  7767 | D:10     | Entered Level 10 of the Dungeon
  7810 | D:10     | Reached skill level 5 in Short Blades
  7912 | D:10     | Noticed Sonja
  7918 | D:10     | Killed Sonja
  7956 | D:10     | Gained mutation: You are dopey. (Int -2) [potion of mutation]
  8002 | D:10     | Found a blossoming altar of Fedhas.
  8069 | D:10     | Noticed Urug
  8093 | D:10     | Killed Urug
  8638 | D:11     | Noticed a cyclops
  8753 | D:11     | Noticed a green ugly thing
  8771 | D:11     | Killed a green ugly thing
  8987 | D:11     | Noticed a cyclops
  9019 | D:11     | Killed a cyclops
  9099 | D:11     | Killed a cyclops
  9519 | D:12     | Reached *** piety under Fedhas
  9652 | D:12     | Found a staircase to the Orcish Mines.
  9882 | D:12     | Noticed a deep elf mage
  9956 | D:12     | Noticed a cyclops
  9960 | D:12     | Killed a cyclops
  9982 | D:12     | Killed a deep elf mage
  9982 | D:12     | Reached XP level 12. HP: 86/97 MP: 20/20
 10172 | D:12     | Lost mutation: You are partially covered in large bone plates (AC +2, SH +2). [mutagenic meat]
 10173 | D:12     | Gained mutation: You are extremely robust (+30% HP). [mutagenic meat]
 10174 | D:12     | Gained mutation: You are agile. (Dex +2) [mutagenic meat]
 10175 | D:12     | Lost mutation: You are agile. (Dex +2) [mutagenic meat]
 10722 | D:13     | Found a labyrinth entrance.
 10726 | Lab      | Entered a labyrinth
 11015 | Lab      | Found an exit through the horrors of the Abyss.
 11802 | Lab      | Noticed a minotaur
 11832 | Lab      | Killed a minotaur
 11861 | Lab      | Got a wavering sapphire amulet
 11862 | Lab      | Got a transparent large shield
 11868 | Lab      | Identified the cursed +0 large shield of Ducomyom {rPois MR+ Int-3} (You found it in a labyrinth)
 11868 | Lab      | Identified the amulet "Kiloc" {Gourm rF+ Str+4 Dex+2} (You found it in a labyrinth)
 11902 | D:13     | Noticed Rupert
 11909 | D:13     | Annihilated by Rupert

Vault maps used:
D:1:      sevenhm_arrival_forest_fort_large_4, minmay_door_square
D:2:      item_on_display_a
D:3:      gammafunk_temple_overflow_statue, first_bread
D:4:      serial_shops, shop
D:6:      minmay_temple_entry_trees, hangedman_glass_teeth, uniq_menkaure
D:7:      serial_shops, shop, the_bakery, minivault_27,
          kennysheep_generic_room_3
D:8:      minmay_statue_hallways, uniq_grum, uniq_psyche
D:9:      lair_0_dummy, uniq_maurice, uniq_gastronok
D:10:     basic_altar, uniq_sonja, uniq_urug
D:12:     orc_0_dummy
D:13:     grunt_vaults_entry_tiered, lab_entry_generic,
          hangedman_decor_slide_cut, hex_tiny, grunt_pakellas_basics,
          uniq_rupert
Temple:   kilobyte_greek_temple_18
Lab:      nicolae_lab_arrow, labyrinth_fake_exit, nicolae_lab_grate

Skill      XL: |  1  2  3  4  5  6  7  8  9 10 11 12 |
---------------+-------------------------------------+-----
Stealth        | 2 4 5 7 8 10 11 13 | 13.0
Invocations    | 3 8 10 | 10.7
Fighting       | 5 7 8 |  8.5
Short Blades   | 4 7 8 |  8.2
Dodging        | 5 8 |  8.8
Evocations     | |  3.2

Action                   |  1- 3 |  4- 6 |  7- 9 | 10-12 || total
-------------------------+-------+-------+-------+-------++-------
Melee: Short sword       |    54 |    47 |   280 |   361 ||   742
       Constrict         |    14 |    12 |    42 |    48 ||   116
       Tentacles         |     6 |    11 |    43 |    55 ||   115
 Fire: Blowgun           |       |       |       |     8 ||     8
Invok: Evolution         |       |       |     7 |    10 ||    17
Evoke: Wand              |     4 |    16 |    12 |    23 ||    55
  Use: Potion            |       |     3 |     7 |     6 ||    16
       Scroll            |       |       |    10 |    16 ||    26
 Stab: Sleeping          |     9 |     2 |    39 |    37 ||    87
       Distracted        |       |       |     1 |       ||     1
       Confused          |       |       |       |     3 ||     3
  Eat: Chunk             |       |     2 |     3 |     8 ||    13
       Beef jerky        |       |     1 |     1 |       ||     2
       Bread ration      |       |       |     3 |       ||     3
       Pizza             |       |       |       |     2 ||     2
       Meat ration       |       |       |       |     3 ||     3
       Royal jelly       |       |       |       |     1 ||     1
Armor: Skin              |     4 |     9 |    35 |    42 ||    90
Dodge: Dodged            |    24 |    27 |   166 |   202 ||   419
Block: Other             |       |       |     4 |    15 ||    19
